 Dungeon Crawl Stone Soup version 0.31.0-11-ge490571c62 (webtiles) character file.

Game seed: 7704767620239589118

130 qw the Ducker (level 4, -1/22 HPs)
             Began as a Spriggan Hunter on Feb 4, 2024.
             Incinerated by a bombardier beetle (5 damage)
             ... with a burning spray
             ... on level 3 of the Dungeon.
             The game lasted 00:00:07 (1951 turns).

qw the Ducker (Spriggan Hunter)                     Turns: 1951, Time: 00:00:07

Health: -1/22      AC:  2    Str:  7    XL:     4   Next: 90%
Magic:  5/5        EV: 20    Int: 10    God:
Gold:   59         SH:  0    Dex: 20    Spells: 3/3 levels left

rFire   . . .        a - +0 shortbow
rCold   . . .        (shield currently unavailable)
rNeg    . . .        c - +0 robe
rPois   +            (helmet restricted)
rElec   .            (no cloak)
rCorr   +            (gloves unavailable)
SInv    +            (boots unavailable)
Will    .....        (no amulet)
Stlth   +            f - ring of resist corrosion
HPRegen 0.23/turn    e - ring of poison resistance
MPRegen 0.09/turn

%: no passive effects
@: on fire, glowing, very quick
A: very small, no large weapons, unfitting armour, see invisible, speed 3
a: no special abilities


You were on level 3 of the Dungeon.
You visited 1 branch of the dungeon, and saw 3 of its levels.

You collected 119 gold pieces.
You spent 60 gold pieces at shops.


Innate Abilities, Weirdness & Mutations

You are very small and have problems with some larger weapons.
You are too small for most types of armour.
You have supernaturally acute eyesight. (SInv)
You cover ground extremely quickly. (Speed+++)


   Skills:
 + Level 1.5 Fighting
 - Level 5.1 Ranged Weapons
 - Level 5.4 Dodging
 - Level 1.5 Stealth


You had 3 spell levels left.
You didn't know any spells.
Your spell library was empty.

Inventory:

Hand Weapons
 a - a +0 shortbow (weapon)
Armour
 c - a +0 robe (worn)
Jewellery
 e - a ring of poison resistance (right hand)
 f - a ring of resist corrosion (left hand)
Potions
 b - a potion of lignification {unknown}
 d - a potion of degeneration {unknown}
 j - 3 potions of curing

Dungeon Overview and Level Annotations

Branches:
Dungeon (3/15)

Altars:

Shops:
D:2 !


Message History

You shoot an arrow. The arrow hits the kobold.
You kill the kobold!
You see here a ball python corpse.
A bombardier beetle comes into view.
You shoot an arrow. The arrow hits the bombardier beetle.
The bombardier beetle is moderately wounded.
The bombardier beetle sprays incendiary fluid at you.
The burning spray hits you.
You are covered in liquid fire!
You shoot an arrow.
The arrow hits the bombardier beetle but does no damage.
The bombardier beetle is moderately wounded.
The liquid fire burns you!
You shoot an arrow.
The arrow barely misses the bombardier beetle.
The liquid fire burns you!
You shoot an arrow.
The arrow hits the bombardier beetle but does no damage.
The bombardier beetle is moderately wounded.
The liquid fire burns you!
You shoot an arrow. The arrow hits the bombardier beetle.
The bombardier beetle is heavily wounded.
The liquid fire burns you!
1946 ||| DRINKING potion of heal wounds.
You feel much better. The liquid fire burns you!
You shoot an arrow. The arrow hits the bombardier beetle.
The bombardier beetle is almost dead.
The liquid fire burns you!
You shoot an arrow. The arrow hits the bombardier beetle!
You kill the bombardier beetle!
The liquid fire burns you!
Your Dodging skill increases to level 5!
You are on fire!
The liquid fire burns you!
You are on fire!
The liquid fire burns you!
You are on fire!
The liquid fire burns you!
You die...

#.#...%).... #.
#####........... #.
#........##..... #.
..###...###..... ..
##...####..... #.
###...........##
#.##...~~}~~~}~.###
...###.#.%..~P.....~.###
.......@....}.####.}..#.
.....#.<....~.# ..P~....
##. ....#...}.####.~.#..
...)......}.....P}....
............~}}P~~}P....
####..#.................
.......(.............
#...#.....<#...###.##.
....>...........###


There were no monsters in sight!

Vanquished Creatures
  A bombardier beetle (D:3)
  3 adders
  4 dart slugs
  An orc (D:3)
  6 endoplasms
  A giant cockroach (D:2)
  3 goblins
  7 hobgoblins
  11 kobolds
  A quokka (D:2)
  6 ball pythons
  4 bats
  2 frilled lizards
  8 rats
58 creatures vanquished.

Notes
Turn   | Place    | Note
-------+----------+-------------------------------------------
     0 | D:1      | qw the Spriggan Hunter began the quest for the Orb.
     0 | D:1      | Reached XP level 1. HP: 10/10 MP: 2/2
     0 | D:1      | 0 ||| qw: Version: 0.3-a-160-g6735b56
     0 | D:1      | 0 ||| qw: Game counter: 5636
     0 | D:1      | 0 ||| qw: Melee chars always use a shield: true
     0 | D:1      | 0 ||| qw: God list: Okawaru
     0 | D:1      | 0 ||| qw: Allow faded altars: false
     0 | D:1      | 0 ||| qw: Do Orc after clearing Dungeon:15 true
     0 | D:1      | 0 ||| qw: Do second Lair branch before Depths: true
     0 | D:1      | 0 ||| qw: Lair rune preference: random
     0 | D:1      | 0 ||| qw: Goals: Normal
     0 | D:1      | 0 ||| PLANNING D:1-11
   101 | D:1      | Reached skill level 3 in Dodging
   140 | D:1      | Reached XP level 2. HP: 14/14 MP: 3/3
   900 | D:1      | 900 ||| UPGRADING to ring of resist corrosion.
   901 | D:1      | 901 ||| READING scroll labelled KOSEN QAKANEAB.
   902 | D:1      | 902 ||| READING scroll labelled CIUKUM JUGO.
   902 | D:1      | 902 ||| IDENTIFYING lumpy coppery potion
   903 | D:1      | 903 ||| READING 2 scrolls labelled NUPLASOP YSIM.
   904 | D:1      | 904 ||| READING scroll labelled PIBRAGH SUTEAKKAI.
   908 | D:1      | 908 ||| DROPPING scroll of butterflies.
   909 | D:1      | 909 ||| DROPPING scroll of revelation.
   977 | D:2      | Reached XP level 3. HP: 18/18 MP: 4/4
  1370 | D:2      | Reached XP level 4. HP: 22/22 MP: 5/5
  1523 | D:2      | Found Voexzy's Distillery.
  1531 | D:2      | 1531 ||| BUYING 2 potions of curing (60 gold).
  1531 | D:2      | Bought 2 potions of curing for 60 gold pieces
  1531 | D:2      | 1531 ||| SHOPLISTING 2 potions of resistance (200 gold,
                  | have 24).
  1531 | D:2      | 1531 ||| SHOPLISTING potion of curing (30 gold, have 24).
  1531 | D:2      | 1531 ||| SHOPLISTING potion of enlightenment (50 gold, have
                  | 24).
  1531 | D:2      | 1531 ||| SHOPLISTING potion of haste (100 gold, have 24).
  1531 | D:2      | 1531 ||| SHOPLISTING potion of heal wounds (50 gold, have
                  | 24).
  1531 | D:2      | 1531 ||| SHOPLISTING potion of mutation (80 gold, have 24).
  1766 | D:2      | 1766 ||| UPGRADING to ring of poison resistance.
  1767 | D:2      | 1767 ||| DROPPING ring of magical power.
  1768 | D:2      | 1768 ||| READING scroll labelled ESOCOPTYCVU.
  1769 | D:2      | 1769 ||| READING scroll labelled LEXZAOQU CARYH.
  1945 | D:3      | HP: 5/22 [burnt (4)]
  1946 | D:3      | 1946 ||| DRINKING potion of heal wounds.
  1950 | D:3      | HP: 4/22 [burnt (3)]
  1951 | D:3      | Incinerated by a bombardier beetle

Levels and vault maps discovered:
D:1:      minmay_arrival_pointy, layout_loops_corners, minivault_11,
          serial_bayou_lake_a
D:2:      layout_loops_corners, serial_shops, shop
D:3:      layout_rooms, mainiacjoe_overflow_surrounded_room,
          shapermc_ecumenical_altar_acropolis

Skill      XL: |  1  2  3  4 |
---------------+-------------+-----
Dodging        | 3 4 5 |  5.4
Ranged Weapons | 5 |  5.1
Fighting       | |  1.5
Stealth        | |  1.5

Action                     |  1- 3 |  4- 6 || total
---------------------------+-------+-------++-------
   Fire: Shortbow          |    96 |    49 ||   145
    Use: Scroll            |     4 |     2 ||     6
         Potion            |       |     1 ||     1
 Armour: Robe              |     2 |     4 ||     6
  Dodge: Dodged            |    23 |    10 ||    33

Table legend:
 A = Non-vault XP
 B = Vault XP
 C = Vault XP percentage of total XP
 D = Non-vault monster count
 E = Vault monster count
 F = Vault count percentage of total count
                 A         B        C        D         E       F
            +---------+---------+-------+---------+---------+-------
      Total |     187 |       0 |   0.0 |      58 |       0 |   0.0
            +---------+---------+-------+---------+---------+-------
        D:1 |      38 |       0 |   0.0 |      20 |       0 |   0.0
        D:2 |      68 |       0 |   0.0 |      25 |       0 |   0.0
        D:3 |      81 |       0 |   0.0 |      13 |       0 |   0.0
            +---------+---------+-------+---------+---------+-------
